 Dungeon Crawl Stone Soup version 0.19.5 (webtiles) character file.

159 greprep the Sneak (level 5, -12/24 HPs)
             Began as a Spriggan Enchanter on May 4, 2017.
             Was an Initiate of Dithmenos.
             Killed by divine providence
             ... invoked by an orc priest
              (17 damage)
             ... on level 3 of the Dungeon.
             The game lasted 00:10:09 (3982 turns).

greprep the Sneak (Spriggan Enchanter)              Turns: 3982, Time: 00:10:10

Health: -12/24     AC:  3    Str:  2 (5)  XL:     5   Next: 17%
Magic:  0/10       EV: 19    Int: 13 (16) God:    Dithmenos [......]
Gold:   67         SH:  0    Dex: 16 (17) Spells: 3 memorised, 4 levels left

rFire  . . .     SeeInvis +     a - +1 dagger
rCold  . . .     Gourm    .     b - +1 robe
rNeg   . . .     Faith    .     (shield restricted)
rPois  .         Spirit   .     (helmet restricted)
rElec  .         Reflect  .     (no cloak)
rCorr  .         Harm     .     (gloves unavailable)
MR     .....                    (boots unavailable)
Stlth  +++.......               (no amulet)
                                (no ring)
                                (no ring)

@: very slightly contaminated, very quick
A: unfitting armour, see invisible, herbivore 3, speed 3, slow metabolism 2
a: Renounce Religion


You were on level 3 of the Dungeon.
You worshipped Dithmenos.
Dithmenos was noncommittal.
You were not hungry.

You visited 1 branch of the dungeon, and saw 3 of its levels.

You collected 67 gold pieces.

Inventory:

Hand Weapons
 a - a +1 dagger (weapon)
Armour
 b - a +1 robe (worn)
Jewellery
 g - an uncursed ring of resist corrosion {unknown}
 i - a +4 ring of dexterity {unknown}
Scrolls
 e - a scroll of identify {unknown}
 f - a scroll of immolation {unknown}
 j - 2 scrolls of blinking {unknown}
 m - 2 scrolls of remove curse {unknown}
Potions
 n - a potion of might {unknown}
 o - a potion of ambrosia {unknown}
 p - a potion of brilliance {unknown}
Books
 c - a book of Maledictions

   Spells                             Type                      Level
   a - Corona                         Hexes                        1
   b - Ensorcelled Hibernation        Hexes/Ice                    2
   c - Confuse                        Hexes                        3
   d - Tukima's Dance                 Hexes                        3
   e - Dazzling Spray                 Conjuration/Hexes            3
Comestibles
 d - 3 bread rations


   Skills:
 + Level 0.1 Fighting
 + Level 2.2 Short Blades
 + Level 3.8 Dodging
 + Level 6.3 Stealth
 + Level 3.3 Spellcasting
 + Level 4.3 Hexes
 + Level 1.2 Ice Magic


You had 4 spell levels left.
You knew the following spells:

 Your Spells              Type           Power        Failure   Level  Hunger
a - Corona                Hex            ##.....      4%          1    #......
b - Ensorcelled Hibernat  Hex/Ice        #.....       12%         2    ##.....
c - Tukima's Dance        Hex            ##......     12%         3    ###....


Dungeon Overview and Level Annotations

Branches:
Dungeon (3/15)

Altars:
Cheibriados
Dithmenos
Okawaru


Innate Abilities, Weirdness & Mutations

You are very small and have problems with some larger weapons.
You are too small for most types of armour.
You have supernaturally acute eyesight. (SInv)
You are a herbivore.
You cover ground extremely quickly.
You need consume almost no food.


Message History

The bat barely misses you. The bat completely misses you.
There is an escape hatch in the ceiling here.
The bat completely misses you.
An orc priest opens the door.
You hit the bat.
You kill the bat!
Dithmenos accepts your kill.
Casting: Ensorcelled Hibernation
Confirm with . or Enter, or press ? or * to list all spells.
Aiming: Ensorcelled Hibernation
Press: ? - help, Shift-Dir - straight line, f - orc
Aim: an orc, wielding a club and wearing a leather armour (chance to defeat MR: 58%)
You miscast Ensorcelled Hibernation.
Nothing appears to happen.
The orc hits you with a club.
* * * LOW HITPOINT WARNING * * *
Okay, then.
The orc priest invokes the aid of Beogh against you.
Beogh smites you!
Ouch! That really hurt!
You die...

######'###'#.#.##.....<..
#######...#.o...##........
......†..oo..o...§........
#########o########...[....
#.# ######.....### #o#
#............. #.#
#............. #.#
#............. #@#
#.....<....### #.#
#......#####
#.###.÷....####
#..........#.)#
#######'##.#.## #.##.#.#
#.##...## #.####..#
#.####.##


You could see an orc priest, an orc wizard (invisible) and 2 orcs.

Vanquished Creatures
  Jessica (D:2)
  4 adders (D:2)
  A howler monkey skeleton (D:3)
  2 oozes (D:1)
  2 worms (D:2)
  4 dart slugs
  4 leopard geckos
  4 orcs
  10 bats
  A giant cockroach (D:2)
  5 goblins
  9 hobgoblins
  A quokka (D:2)
  2 frilled lizards (D:1)
  3 kobolds
  5 rats
58 creatures vanquished.

Notes
Turn   | Place    | Note
-------+----------+-------------------------------------------
     0 | D:1      | greprep the Spriggan Enchanter began the quest for the Orb.
     0 | D:1      | Reached XP level 1. HP: 9/9 MP: 5/5
     3 | D:1      | Noticed an electric eel
     3 | D:1      | Noticed an electric eel
    58 | D:1      | Reached XP level 2. HP: 7/13 MP: 1/6
   193 | D:1      | Learned a level 2 spell: Ensorcelled Hibernation
   365 | D:1      | Reached skill level 5 in Stealth
   586 | D:1      | Reached XP level 3. HP: 16/16 MP: 2/8
  1242 | D:1      | Learned a level 3 spell: Tukima's Dance
  1320 | D:2      | Noticed Jessica
  1327 | D:2      | Killed Jessica
  1327 | D:2      | Reached XP level 4. HP: 21/21 MP: 7/9
  1675 | D:2      | Found a shadowy altar of Dithmenos.
  1685 | D:2      | Became a worshipper of Dithmenos the Shadowed
  1789 | D:2      | Found a snail-covered altar of Cheibriados.
  1824 | D:2      | Reached skill level 1 in Ice Magic
  2321 | D:2      | Found an iron altar of Okawaru.
  2328 | D:2      | Reached skill level 6 in Stealth
  2404 | D:2      | Reached XP level 5. HP: 15/24 MP: 4/10
  3982 | D:3      | Killed from afar by an orc priest

Skill      XL: |  1  2  3  4 |
---------------+-------------+-----
Hexes          | 4 |  4.3
Stealth        | 5 6 |  6.3
Spellcasting   | 3 |  3.3
Ice Magic      | 1 |  1.2
Short Blades   | 2 |  2.2
Fighting       | |  0.1
Dodging        | |  3.8

Action                   |  1- 3 |  4- 6 || total
-------------------------+-------+-------++-------
Melee: Dagger            |    86 |   121 ||   207
 Cast: Corona            |     4 |     2 ||     6
       Ensorcelled Hiber |    17 |    33 ||    50
  Use: Scroll            |     1 |       ||     1
       Potion            |       |     3 ||     3
 Stab: Sleeping          |    16 |    22 ||    38
       Distracted        |       |     1 ||     1
  Eat: Pizza             |       |     1 ||     1
       Bread ration      |       |     1 ||     1
Armor: Robe              |    20 |    17 ||    37
       Skin              |       |    58 ||    58
Dodge: Dodged            |    93 |   122 ||   215
